AoeStats
← OptimusPrime

Arabia

511020030Analyzed
1v1 RM · 11h ago on Oct 3, 2026· 32m 42s· 2 players
Game mode
Random Map
Map size
Tiny (2 player)
Population
200
Speed
Normal
Resources
Standard
Victory
Conquest
Starting age
Dark Age
Ending age
Imperial Age
RankedLock teamsTeams togetherTeam positionsShared explorationLock speedFull tech treeHidden civsTurbo modeCheats
Victory
Defeat
🇧🇷 Vietnamese · Brazil
1111
+16
🇹🇷 Turks · Türkiye
1119
-16
kiyoshi
7:34 Loom
9:45 Feudal Age
9:54 Man-at-Arms
13:56 Town Watch
14:42 Double-Bit Axe
17:16 Padded Archer Armor
17:11 Fletching
19:54 Padded Archer Armor
24:41 Castle Age
23:11 Gold Mining
24:41 Crossbowman
25:17 Bodkin Arrow
25:59 Wheelbarrow
25:39 Bow Saw
27:00 Leather Archer Armor
OptimusPrime
8:04 Loom
10:22 Feudal Age
18:48 Horse Collar
27:28 Castle Age
25:35 Gold Mining
26:53 Padded Archer Armor
Connection lost

Rejoining the realm…

Still unreachable

The connection could not be restored.

Session expired

The server has moved on; the page needs a fresh start.